[ AOE2 MATCH · #507164514 ]
UnrankedPoles vs Maya
Player's team · WIN
Rival team · LOSS
[ REPLAY ANALYSIS · EXTRACTED FROM THE RECORDED GAME ]
Feudal
13:14
Castle
20:41
Imperial
36:00
| APM avg | 55.0 |
| APM peak | 100 |
| eAPM avg | 26.8 |
| Villagers / military | 130 / 106 |
Focus
⚔️ 33.8% · 🌾 66.2%
Skirmisher ×45 · Knight ×32 · Militia ×12 · Trebuchet (Packed) ×5 · Monk ×4 · Mangonel ×3
Feudal
12:56
Castle
21:14
Imperial
36:26
| APM avg | 43.2 |
| APM peak | 89 |
| eAPM avg | 23.3 |
| Villagers / military | 156 / 196 |
Focus
⚔️ 33.4% · 🌾 66.6%
Eagle Scout ×63 · Archer ×60 · Spearman ×42 · Skirmisher ×17 · Trebuchet (Packed) ×6 · Mangonel ×5
Match map
Initial resources + every placement click. Lines = walls · curves = elevation contours. ◆ gold · ⬟ stone · ● berries · ✦ relic · ◌ wall gap
Your base· Open — 2t gap
JAGR | BkB's base· Open — 1t gap
Smoothed initial terrain · ◌ = detected wall gap · hover for details
Inputs per minute
— CORP_hector_sin_elo - - JAGR | BkB
Build order — CORP_hector_sin_elo
First 150 of 480 actions detected
| 0:00 | Queue | Villager (Male) |
| 0:01 | Queue | Villager (Male) |
| 0:01 | Queue | Villager (Male) |
| 0:02 | Build | House |
| 0:04 | Build | House |
| 0:27 | Queue | Villager (Male) |
| 1:31 | Queue | Villager (Male) |
| 1:57 | Queue | Villager (Male) |
| 2:24 | Queue | Villager (Male) |
| 2:42 | Queue | Villager (Male) |
| 3:10 | Queue | Villager (Male) |
| 3:17 | Build | Barracks |
| 3:32 | Build | House |
| 3:38 | Queue | Villager (Male) |
| 3:45 | Build | Palisade Wall |
| 3:47 | Build | Palisade Wall |
| 3:49 | Build | Palisade Wall |
| 4:00 | Queue | Villager (Male) |
| 4:20 | Queue | Villager (Male) |
| 4:45 | Queue | Villager (Male) |
| 4:49 | Build | Lumber Camp |
| 4:59 | Queue | Militia |
| 5:29 | Queue | Militia |
| 5:34 | Queue | Villager (Male) |
| 5:57 | Build | House |
| 6:03 | Queue | Villager (Male) |
| 6:17 | Queue | Militia |
| 6:23 | Queue | Villager (Male) |
| 6:28 | Build | House |
| 6:40 | Build | House |
| 6:45 | Queue | Militia |
| 6:48 | Queue | Villager (Male) |
| 6:53 | Build | House |
| 7:04 | Queue | Militia |
| 7:24 | Queue | Villager (Male) |
| 7:31 | Build | Palisade Wall |
| 7:54 | Queue | Villager (Male) |
| 8:00 | Build | Mining Camp |
| 8:29 | Queue | Villager (Male) |
| 8:49 | Queue | Villager (Male) |
| 8:59 | Build | Mill |
| 9:03 | Queue | Villager (Male) |
| 9:33 | Build | Farm |
| 9:39 | Queue | Villager (Male) |
| 10:05 | Build | Farm |
| 10:11 | Build | Farm |
| 10:12 | Queue | Villager (Male) |
| 10:20 | Build | Farm |
| 10:39 | Research | Loom |
| 10:47 | Build | Palisade Wall |
| 10:49 | Build | Palisade Wall |
| 10:54 | Build | Palisade Wall |
| 10:56 | Build | Palisade Wall |
| 11:00 | Build | Farm |
| 11:03 | Research | Feudal Age |
| 11:12 | Build | Farm |
| 11:21 | Queue | Militia |
| 11:27 | Build | Farm |
| 11:49 | Build | Farm |
| 12:11 | Build | Palisade Wall |
| 12:12 | Build | Palisade Wall |
| 12:15 | Build | Palisade Wall |
| 12:16 | Build | Palisade Wall |
| 12:22 | Queue | Militia |
| 12:48 | Build | Palisade Gate |
| 12:49 | Build | Palisade Wall |
| 12:51 | Build | Palisade Wall |
| 13:00 | Queue | Villager (Male) |
| 13:14 | Age | Feudal Age |
| 13:15 | Research | Man-at-Arms (upgrade) |
| 13:18 | Build | Archery Range |
| 13:22 | Build | Palisade Wall |
| 13:26 | Build | Palisade Wall |
| 13:32 | Build | Palisade Wall |
| 13:33 | Build | Palisade Wall |
| 13:37 | Build | Palisade Wall |
| 13:39 | Build | House |
| 13:42 | Build | Palisade Wall |
| 13:46 | Build | Palisade Wall |
| 13:47 | Build | Palisade Wall |
| 13:49 | Queue | Villager (Male) |
| 14:09 | Queue | Villager (Male) |
| 14:15 | Queue | Skirmisher |
| 14:28 | Queue | Skirmisher |
| 14:33 | Build | House |
| 14:39 | Queue | Villager (Male) |
| 14:43 | Build | Farm |
| 14:58 | Queue | Skirmisher |
| 15:03 | Queue | Villager (Male) |
| 15:08 | Build | Farm |
| 15:14 | Build | House |
| 15:15 | Build | Palisade Wall |
| 15:18 | Queue | Villager (Male) |
| 15:36 | Queue | Skirmisher |
| 15:48 | Queue | Villager (Male) |
| 16:19 | Queue | Skirmisher |
| 16:24 | Queue | Villager (Male) |
| 16:27 | Build | Blacksmith |
| 16:37 | Queue | Villager (Male) |
| 16:58 | Queue | Skirmisher |
| 16:59 | Research | Fletching |
| 17:11 | Build | Palisade Wall |
| 17:12 | Build | Palisade Wall |
| 17:13 | Build | Palisade Wall |
| 17:16 | Queue | Skirmisher |
| 17:27 | Build | Lumber Camp |
| 17:33 | Build | Palisade Wall |
| 17:35 | Build | Palisade Wall |
| 17:36 | Build | Palisade Wall |
| 18:01 | Research | Castle Age |
| 18:14 | Queue | Skirmisher |
| 18:15 | Queue | Skirmisher |
| 18:18 | Build | House |
| 18:22 | Build | House |
| 18:26 | Build | House |
| 18:33 | Build | Watch Tower |
| 18:39 | Build | House |
| 18:43 | Research | Double-Bit Axe |
| 18:55 | Build | Mining Camp |
| 19:03 | Build | Palisade Wall |
| 19:03 | Build | Palisade Wall |
| 19:03 | Build | Palisade Wall |
| 19:04 | Build | Palisade Wall |
| 19:05 | Build | Palisade Wall |
| 19:09 | Queue | Skirmisher |
| 19:22 | Research | Gold Mining |
| 19:40 | Queue | Skirmisher |
| 20:04 | Queue | Skirmisher |
| 20:11 | Build | Farm |
| 20:13 | Build | Farm |
| 20:13 | Build | Farm |
| 20:16 | Research | Horse Collar |
| 20:21 | Queue | Skirmisher |
| 20:31 | Build | House |
| 20:39 | Build | Farm |
| 20:40 | Build | Farm |
| 20:41 | Age | Castle Age |
| 20:43 | Research | Elite Skirmisher (upgrade) |
| 20:57 | Queue | Villager (Male) |
| 21:28 | Queue | Villager (Male) |
| 21:38 | Build | Town Center |
| 21:56 | Build | House |
| 22:05 | Research | Padded Archer Armor |
| 22:13 | Build | Farm |
| 22:14 | Build | Farm |
| 22:26 | Build | House |
| 22:27 | Queue | Villager (Male) |
| 22:44 | Queue | Villager (Male) |
| 22:54 | Build | Farm |
| 22:57 | Build | Farm |
Build order — JAGR | BkB
First 150 of 454 actions detected
| 0:01 | Research | Loom |
| 0:02 | Build | House |
| 0:04 | Build | House |
| 0:10 | Queue | Villager (Male) |
| 0:24 | Queue | Villager (Male) |
| 0:31 | Queue | Villager (Male) |
| 1:24 | Queue | Villager (Male) |
| 1:50 | Build | Lumber Camp |
| 1:50 | Queue | Villager (Male) |
| 1:50 | Queue | Villager (Male) |
| 2:19 | Queue | Villager (Male) |
| 2:40 | Queue | Villager (Male) |
| 3:02 | Build | House |
| 3:14 | Queue | Villager (Male) |
| 3:39 | Queue | Villager (Male) |
| 3:40 | Build | House |
| 3:56 | Queue | Villager (Male) |
| 4:18 | Queue | Villager (Male) |
| 4:25 | Build | House |
| 4:30 | Build | Palisade Wall |
| 4:36 | Queue | Villager (Male) |
| 4:50 | Build | Palisade Wall |
| 5:17 | Queue | Villager (Male) |
| 5:33 | Queue | Villager (Male) |
| 5:42 | Build | Barracks |
| 5:52 | Build | Palisade Gate |
| 5:53 | Queue | Villager (Male) |
| 6:15 | Queue | Villager (Male) |
| 6:26 | Build | Palisade Wall |
| 6:31 | Build | Palisade Wall |
| 6:50 | Build | Mill |
| 6:51 | Queue | Villager (Male) |
| 7:05 | Build | Palisade Wall |
| 7:09 | Build | Palisade Wall |
| 7:12 | Build | Palisade Wall |
| 7:13 | Build | Palisade Wall |
| 7:18 | Queue | Villager (Male) |
| 7:43 | Queue | Villager (Male) |
| 8:07 | Queue | Villager (Male) |
| 8:30 | Queue | Villager (Male) |
| 8:35 | Build | Mill |
| 8:37 | Queue | Villager (Male) |
| 8:48 | Build | House |
| 8:50 | Build | Farm |
| 8:50 | Build | Farm |
| 9:18 | Build | Farm |
| 9:19 | Build | Farm |
| 9:33 | Queue | Villager (Male) |
| 10:01 | Build | House |
| 10:02 | Build | Palisade Wall |
| 10:10 | Build | Palisade Wall |
| 10:19 | Build | Farm |
| 10:20 | Queue | Villager (Male) |
| 10:46 | Research | Feudal Age |
| 10:54 | Build | Mining Camp |
| 11:56 | Build | House |
| 12:09 | Build | Palisade Wall |
| 12:22 | Queue | Villager (Male) |
| 12:56 | Age | Feudal Age |
| 12:57 | Build | Archery Range |
| 12:59 | Build | Archery Range |
| 13:04 | Queue | Villager (Male) |
| 13:20 | Research | Double-Bit Axe |
| 13:20 | Research | Double-Bit Axe |
| 13:39 | Queue | Archer |
| 13:42 | Build | Palisade Wall |
| 13:54 | Queue | Villager (Male) |
| 14:07 | Build | Farm |
| 14:10 | Queue | Archer |
| 14:10 | Queue | Archer |
| 14:17 | Queue | Villager (Male) |
| 14:27 | Queue | Villager (Male) |
| 14:29 | Queue | Archer |
| 14:29 | Queue | Archer |
| 14:33 | Build | Farm |
| 14:34 | Build | Farm |
| 14:41 | Build | House |
| 14:42 | Build | Palisade Wall |
| 14:43 | Queue | Villager (Male) |
| 14:53 | Queue | Eagle Scout |
| 15:05 | Queue | Villager (Male) |
| 15:12 | Build | Farm |
| 15:14 | Build | Farm |
| 15:15 | Build | Farm |
| 15:21 | Queue | Villager (Male) |
| 15:44 | Queue | Villager (Male) |
| 16:03 | Queue | Villager (Male) |
| 16:05 | Build | Blacksmith |
| 16:19 | Queue | Archer |
| 16:33 | Queue | Villager (Male) |
| 16:39 | Queue | Eagle Scout |
| 16:42 | Queue | Villager (Male) |
| 16:44 | Build | House |
| 16:50 | Queue | Archer |
| 16:50 | Queue | Archer |
| 17:01 | Build | House |
| 17:10 | Build | Farm |
| 17:11 | Queue | Villager (Male) |
| 17:28 | Queue | Villager (Male) |
| 17:30 | Build | Watch Tower |
| 17:32 | Queue | Villager (Male) |
| 17:38 | Build | Farm |
| 17:39 | Build | Farm |
| 17:41 | Queue | Archer |
| 18:07 | Build | Palisade Gate |
| 18:07 | Build | House |
| 18:34 | Research | Castle Age |
| 18:34 | Research | Castle Age |
| 18:38 | Research | Gold Mining |
| 18:39 | Research | Gold Mining |
| 18:53 | Build | House |
| 19:08 | Build | Lumber Camp |
| 19:20 | Research | Fletching |
| 19:21 | Research | Padded Archer Armor |
| 19:28 | Queue | Archer |
| 19:29 | Queue | Archer |
| 19:46 | Build | House |
| 19:55 | Queue | Eagle Scout |
| 19:56 | Queue | Eagle Scout |
| 20:06 | Build | House |
| 20:10 | Build | Palisade Wall |
| 20:11 | Research | Scale Mail Armor |
| 20:17 | Research | Horse Collar |
| 20:18 | Research | Horse Collar |
| 20:22 | Queue | Archer |
| 20:41 | Queue | Archer |
| 20:41 | Queue | Archer |
| 20:46 | Queue | Villager (Male) |
| 21:04 | Build | House |
| 21:05 | Build | House |
| 21:14 | Age | Castle Age |
| 21:22 | Research | Eagle Warrior (upgrade) |
| 21:57 | Build | Siege Workshop |
| 21:57 | Queue | Villager (Male) |
| 22:07 | Build | Farm |
| 22:10 | Build | Farm |
| 22:10 | Build | Farm |
| 22:11 | Build | Farm |
| 22:11 | Build | Farm |
| 22:11 | Build | Farm |
| 22:14 | Queue | Villager (Male) |
| 22:28 | Queue | Archer |
| 22:28 | Queue | Archer |
| 22:29 | Queue | Mangonel |
| 22:43 | Build | Farm |
| 22:51 | Queue | Villager (Male) |
| 23:21 | Queue | Mangonel |
| 23:33 | Research | Crossbowman (upgrade) |
| 23:46 | Queue | Villager (Male) |
| 23:59 | Queue | Villager (Male) |
Match timeline
| 3:17 | CORP_hector_sin_elo · first_building Barracks |
| 3:45 | CORP_hector_sin_elo · wall_segment Palisade Wall x1 |
| 3:47 | CORP_hector_sin_elo · wall_segment Palisade Wall x1 |
| 3:49 | CORP_hector_sin_elo · wall_segment Palisade Wall x1 |
| 4:30 | JAGR | BkB · wall_segment Palisade Wall x4 |
| 4:50 | JAGR | BkB · wall_segment Palisade Wall x4 |
| 5:42 | JAGR | BkB · first_building Barracks |
| 6:26 | JAGR | BkB · wall_segment Palisade Wall x5 |
| 6:31 | JAGR | BkB · wall_segment Palisade Wall x1 |
| 7:05 | JAGR | BkB · wall_segment Palisade Wall x1 |
| 7:09 | JAGR | BkB · wall_segment Palisade Wall x1 |
| 7:12 | JAGR | BkB · wall_segment Palisade Wall x1 |
| 7:13 | JAGR | BkB · wall_segment Palisade Wall x1 |
| 7:31 | CORP_hector_sin_elo · wall_segment Palisade Wall x1 |
| 10:02 | JAGR | BkB · wall_segment Palisade Wall x1 |
| 10:10 | JAGR | BkB · wall_segment Palisade Wall x1 |
| 10:47 | CORP_hector_sin_elo · wall_segment Palisade Wall x1 |
| 10:49 | CORP_hector_sin_elo · wall_segment Palisade Wall x6 |
| 10:54 | CORP_hector_sin_elo · wall_segment Palisade Wall x1 |
| 10:56 | CORP_hector_sin_elo · wall_segment Palisade Wall x4 |
| 12:09 | JAGR | BkB · wall_segment Palisade Wall x1 |
| 12:11 | CORP_hector_sin_elo · wall_segment Palisade Wall x1 |
| 12:12 | CORP_hector_sin_elo · wall_segment Palisade Wall x1 |
| 12:15 | CORP_hector_sin_elo · wall_segment Palisade Wall x1 |
| 12:16 | CORP_hector_sin_elo · wall_segment Palisade Wall x1 |
| 12:49 | CORP_hector_sin_elo · wall_segment Palisade Wall x2 |
| 12:51 | CORP_hector_sin_elo · wall_segment Palisade Wall x3 |
| 12:56 | JAGR | BkB · age_up feudal |
| 12:57 | JAGR | BkB · first_building Archery Range |
| 13:14 | CORP_hector_sin_elo · age_up feudal |
| 13:18 | CORP_hector_sin_elo · first_building Archery Range |
| 13:22 | CORP_hector_sin_elo · wall_segment Palisade Wall x1 |
| 13:26 | CORP_hector_sin_elo · wall_segment Palisade Wall x1 |
| 13:32 | CORP_hector_sin_elo · wall_segment Palisade Wall x4 |
| 13:33 | CORP_hector_sin_elo · wall_segment Palisade Wall x9 |
| 13:37 | CORP_hector_sin_elo · wall_segment Palisade Wall x1 |
| 13:42 | JAGR | BkB · wall_segment Palisade Wall x1 |
| 13:42 | CORP_hector_sin_elo · wall_segment Palisade Wall x3 |
| 13:46 | CORP_hector_sin_elo · wall_segment Palisade Wall x1 |
| 13:47 | CORP_hector_sin_elo · wall_segment Palisade Wall x5 |
| 14:42 | JAGR | BkB · wall_segment Palisade Wall x3 |
| 15:15 | CORP_hector_sin_elo · wall_segment Palisade Wall x1 |
| 17:11 | CORP_hector_sin_elo · wall_segment Palisade Wall x1 |
| 17:12 | CORP_hector_sin_elo · wall_segment Palisade Wall x3 |
| 17:13 | CORP_hector_sin_elo · wall_segment Palisade Wall x1 |
| 17:33 | CORP_hector_sin_elo · wall_segment Palisade Wall x1 |
| 17:35 | CORP_hector_sin_elo · wall_segment Palisade Wall x3 |
| 17:36 | CORP_hector_sin_elo · wall_segment Palisade Wall x1 |
| 19:03 | CORP_hector_sin_elo · wall_segment Palisade Wall x1 |
| 19:03 | CORP_hector_sin_elo · wall_segment Palisade Wall x1 |
| 19:03 | CORP_hector_sin_elo · wall_segment Palisade Wall x1 |
| 19:04 | CORP_hector_sin_elo · wall_segment Palisade Wall x1 |
| 19:05 | CORP_hector_sin_elo · wall_segment Palisade Wall x1 |
| 20:10 | JAGR | BkB · wall_segment Palisade Wall x6 |
| 20:41 | CORP_hector_sin_elo · age_up castle |
| 21:14 | JAGR | BkB · age_up castle |
| 21:57 | JAGR | BkB · first_building Siege Workshop |
| 23:01 | CORP_hector_sin_elo · wall_segment Palisade Wall x1 |
| 24:05 | CORP_hector_sin_elo · first_building Siege Workshop |
| 26:07 | CORP_hector_sin_elo · first_building Castle |
| 27:27 | CORP_hector_sin_elo · wall_segment Palisade Wall x14 |
| 27:40 | JAGR | BkB · wall_segment Palisade Wall x1 |
| 27:45 | JAGR | BkB · wall_segment Palisade Wall x1 |
| 28:06 | JAGR | BkB · first_building Monastery |
| 28:29 | CORP_hector_sin_elo · first_building Monastery |
| 30:34 | JAGR | BkB · wall_segment Palisade Wall x1 |
| 32:40 | JAGR | BkB · first_building Castle |
| 33:16 | JAGR | BkB · first_market_buy 100 food |
| 35:31 | CORP_hector_sin_elo · first_building Stable |
| 36:00 | CORP_hector_sin_elo · age_up imperial |
| 36:26 | JAGR | BkB · age_up imperial |
| 36:42 | JAGR | BkB · first_market_sell 100 food |
| 51:18 | JAGR | BkB · resign |
[ AI ANALYSIS · 1 CREDIT ]
What really happened in this match?
Wolo.gg analyzes every decision: build order, eco, micro, common mistakes by bracket. Personalized analysis on WhatsApp or Discord in 30 seconds.
Civ guide
Poles
Perfil
Jugador #459775